 Dungeon Crawl Stone Soup version 0.29.1-15-g9cfb28693d (webtiles) character file.

Game seed: 13193527635964565549

66 raph the Chopper (level 4, 0/39 HPs)
             Began as a Hill Orc Fighter on Apr 25, 2023.
             Was a Follower of Elyvilon.
             Slain by a black bear (4 damage)
             ... on level 3 of the Dungeon.
             The game lasted 00:01:56 (1937 turns).

raph the Chopper (Hill Orc Fighter)                 Turns: 1937, Time: 00:01:57

Health: 0/39       AC:  9    Str: 24    XL:     4   Next: 15%
Magic:  4/4        EV:  7    Int:  8    God:    Elyvilon [*.....]
Gold:   142        SH:  4    Dex: 12    Spells: 3/3 levels left

rFire   . . .      SeeInvis .   a - +0 war axe
rCold   . . .      Faith    .   c - +0 buckler
rNeg    . . .      Spirit   .   k - +0 chain mail
rPois   .          Reflect  .   (no helmet)
rElec   .          Harm     .   (no cloak)
rCorr   .          Rampage  .   (no gloves)
Will    .....                   (no boots)
Stlth   ..........              (no amulet)
HPRegen 0.13/turn               h - +6 ring of strength
MPRegen 0.09/turn               (no ring)

@: no status effects
A: no striking features
a: Renounce Religion, Purification


You were on level 3 of the Dungeon.
You worshipped Elyvilon.
Elyvilon was aware of your devotion.
You visited 1 branch of the dungeon, and saw 3 of its levels.

You collected 142 gold pieces.

Inventory:

Hand Weapons
 a - a +0 war axe (weapon)
Armour
 b - a +0 scale mail
 c - a +0 buckler (worn)
 k - a +0 chain mail (worn)
Jewellery
 h - a +6 ring of strength (left hand)
Scrolls
 e - 3 scrolls of identify {unknown}
 f - a scroll of amnesia {unknown}
 l - 2 scrolls of teleportation {unknown}
 m - a scroll of enchant weapon {unknown}
Potions
 d - 3 potions of might
 g - a potion of flight {unknown}
 i - a potion of mutation {unknown}
 j - a potion of brilliance {unknown}
 n - a potion of curing {unknown}
 o - a potion of haste {unknown}


   Skills:
 - Level 3.6 Fighting
 + Level 5.7 Axes
 - Level 3.2 Armour
 - Level 3.2 Shields


You had 3 spell levels left.
You didn't know any spells.
Your spell library was empty.

Dungeon Overview and Level Annotations

Branches:
Dungeon (3/15)

Altars:
Elyvilon
Zin

Annotations:
D:1 wall
D:2 wall


Message History

The black bear bites you but does no damage.
The black bear claws you but does no damage.
The black bear claws you.
You completely miss the black bear.
The black bear is lightly wounded.
You block the black bear's attack. x2
The black bear claws you but does no damage.
You slash the black bear!
The black bear is heavily wounded.
The black bear bites you.
The black bear claws you but does no damage. x2
You slash the black bear!
The black bear is severely wounded.
The black bear bites you.
The black bear claws you but does no damage.
You block the black bear's attack. The black bear closely misses you.
The black bear claws you but does no damage.
The black bear barely misses you.
You barely miss the black bear.
The black bear is severely wounded.
The black bear goes berserk!
You barely miss the black bear.
The black bear is severely wounded.
The black bear bites you! You block the black bear's attack.
The black bear claws you. The black bear bites you.
The black bear barely misses you. You block the black bear's attack.
You hit the black bear.
The black bear is almost dead.
You block the black bear's attack. The black bear claws you.
* * * LOW HITPOINT WARNING * * *
The black bear claws you.
* * * LOW HITPOINT WARNING * * *
You barely miss the black bear.
The black bear is almost dead.
The black bear completely misses you.
The black bear claws you but does no damage.
The black bear claws you.
* * * LOW HITPOINT WARNING * * *
The black bear bites you.
You die...

###..##
#####....#### ..
...............
...
###..######.###
##>. ##..## #.##
#..... ...##
#..#####..#...
####
###........#$.##
##........h......
#..##....@......#
#.###...........#
#.# ##......$...#
#.# #..........#
########.#
#..........#
.........#
#..........#
........##
#........).#
........#
#.##########
........## #.#


You could see a black bear (berserk).

Vanquished Creatures
  2 adders
  3 ball pythons
  6 endoplasms
  A giant cockroach (D:1)
  7 goblins
  10 hobgoblins
  4 jackals (D:2)
  2 quokkas
  A bat (D:1)
  3 frilled lizards
  3 rats
42 creatures vanquished.

Vanquished Creatures (others)
  A plant (D:1)
1 creature vanquished.

Grand Total: 43 creatures vanquished

Notes
Turn   | Place    | Note
-------+----------+-------------------------------------------
     0 | D:1      | raph the Hill Orc Fighter began the quest for the Orb.
     0 | D:1      | Reached XP level 1. HP: 19/19 MP: 1/1
    39 | D:1      | Reached skill level 3 in Axes
   223 | D:1      | Reached XP level 2. HP: 21/26 MP: 2/2
   430 | D:1      | Reached skill level 4 in Axes
   890 | D:1      | Found a faded altar of an unknown god.
  1008 | D:2      | Reached XP level 3. HP: 25/31 MP: 3/3
  1180 | D:2      | Found a white marble altar of Elyvilon.
  1191 | D:2      | Reached skill level 5 in Axes
  1218 | D:2      | Became a worshipper of Elyvilon the Healer
  1693 | D:3      | Reached XP level 4. HP: 39/39 MP: 4/4
  1755 | D:3      | Found a glowing silver altar of Zin.
  1826 | D:3      | Identified the +1 dagger "Onimofub" {drain, rF+}
  1869 | D:3      | Reached * piety under Elyvilon
  1926 | D:3      | Noticed a black bear
  1937 | D:3      | Slain by a black bear

Illustrated notes

Levels and vault maps discovered:
D:1:      eino_arrival_druids_welcome, layout_loops_ring,
          hellmonk_ecumenical_altar_pennies_from_heaven, due_unseen_surprise
D:2:      layout_loops_ring, basic_altar, due_unseen_surprise
D:3:      layout_rooms, mainiacjoe_overflow_six_doors_small

Skill      XL: |  1  2  3 |
---------------+----------+-----
Axes           | 3 4 5 |  5.7
Fighting       | |  3.6
Armour         | |  3.2
Shields        | |  3.2

Action                   |  1- 3 |  4- 6 || total
-------------------------+-------+-------++-------
Melee: War axe           |    76 |    20 ||    96
Armor: Scale mail        |    14 |       ||    14
       Chain mail        |    37 |    17 ||    54
Dodge: Dodged            |    25 |     9 ||    34
Block: Buckler           |    22 |     7 ||    29
